 Dungeon Crawl Stone Soup version 0.27-a0-836-gfc908b8576 (webtiles) character file.

Game seed: 3326304072944873398

1095 HendSelp the Quickloader (level 8, 0/44 HPs)
             Began as a Kobold Hunter on Mar 31, 2021.
             Slain by a gnoll
             ... wielding a +2 halberd
              (12 damage)
             ... on level 6 of the Dungeon.
             The game lasted 00:05:51 (4796 turns).

HendSelp the Quickloader (Kobold Hunter)            Turns: 4796, Time: 00:05:52

Health: 0/44       AC: 11    Str:  9    XL:     8   Next: 57%
Magic:  8/8        EV: 13    Int: 12    God:
Gold:   321        SH:  0    Dex: 18    Spells: 7/7 levels left

rFire    . . .     SeeInvis +   o - +1 arbalest (vorpal)
rCold    . . .     Faith    .   (shield currently unavailable)
rNeg     . . .     Spirit   .   y - +4 ring mail of Midsummer {rPois}
rPois    +         Reflect  .   (no helmet)
rElec    .         Harm     .   (no cloak)
rCorr    .         Rampage  .   n - +0 pair of gloves
Will     .....                  (no boots)
Stlth    ++........             (no amulet)
HPRegen  0.14/turn              s - +4 ring of slaying
MPRegen  0.11/turn              q - ring of see invisible

@: about to teleport
A: small, no large weapons, nightstalker 3
a: no special abilities


You were on level 6 of the Dungeon.
You visited 1 branch of the dungeon, and saw 6 of its levels.

You collected 321 gold pieces.

Inventory:

Hand Weapons
 e - a +1 triple crossbow of freezing
 o - a +1 vorpal arbalest (weapon)
 v - a +2 dagger of flaming
Missiles
 d - 3 bolts (quivered ammo)
Armour
 n - a +0 pair of gloves (worn)
 y - the +4 ring mail of Midsummer (worn) {rPois}
   (You found it on level 4 of the Dungeon)

   It protects you from poison.
Jewellery
 b - a ring of resist corrosion
 i - a +6 ring of strength
 q - a ring of see invisible (right hand)
 s - a +4 ring of slaying (left hand)
Scrolls
 j - a scroll of magic mapping
 r - a scroll of fog
 u - a scroll of amnesia
 x - a scroll of teleportation
Potions
 a - 3 potions of heal wounds
 f - a potion of lignification
 g - a potion of cancellation
 h - 2 potions of attraction
 k - 3 potions of curing
 l - a potion of berserk rage
 m - a potion of brilliance
 p - a potion of mutation {unknown}
 t - a potion of magic {unknown}


   Skills:
 - Level 2.1 Fighting
 - Level 8.9 Crossbows
 + Level 5.9 Armour
 - Level 2.4 Dodging
 - Level 1.3 Stealth


You had 7 spell levels left.
You didn't know any spells.
Your spell library contained the following spells:

 Spells                   Type           Power      Damage    Failure   Level
 Corona                   Hex            0%         N/A       63%         1
 Magic Dart               Conj           0%         1d3       63%         1
 Ensorcelled Hibernation  Hex/Ice        0%         N/A       77%         2
 Searing Ray              Conj           0%         3d3       77%         2
 Confusing Touch          Hex            0%         N/A       94%         3
 Dazzling Flash           Conj/Hex       0%         N/A       94%         3
 Gell's Gravitas          Tloc           0%         N/A       94%         3
 Tukima's Dance           Hex            0%         N/A       94%         3
 Fulminant Prism          Conj/Hex       0%         3d6       100%        4
 Iskenderun's Mystic Bla  Conj/Tloc      0%         2d3       100%        4
 Petrify                  Tmut/Erth      0%         N/A       100%        4
 Metabolic Englaciation   Hex/Ice        0%         N/A       100%        5
 Yara's Violent Unravell  Hex/Tmut       0%         3d3       100%        5


Dungeon Overview and Level Annotations

Branches:
Dungeon (6/15)
 Temple: D:4-7

Altars:
Ashenzari
Elyvilon
Uskayaw
Zin
The Shining One


Innate Abilities, Weirdness & Mutations

You are small and have problems with some larger weapons.
You are completely attuned to the shadows.


Message History

The bolt hits the orc warrior but does no damage.
The adder bites you but does no damage. The orc warrior completely misses you.
The gnoll barely misses you. The adder barely misses you.
The gnoll closely misses you.
Unknown command.
You shoot a bolt. The bolt barely misses the orc warrior.
The bolt hits the hound!
You kill the hound!
The adder misses you.
The orc warrior hits you with a +0 mace.
The gnoll barely misses you.
The gnoll hits you from afar with a +5 spear.
The adder bites you but does no damage. The orc warrior closely misses you.
The gnoll misses you.
You shoot a bolt. The bolt hits the orc warrior!
The orc warrior is severely wounded.
The gnoll barely misses you. The adder barely misses you.
The orc warrior hits you with a +0 mace!
The gnoll closely misses you. The hornet zombie barely misses you.
The adder bites you. The gnoll closely misses you.
Unknown command.
You are too injured to fight recklessly!
Unknown command.
You are too injured to fight recklessly!
Unknown command.
Unknown command.
You are too injured to fight recklessly!
As you read the scroll of teleportation, it crumbles to dust.
You feel strangely unstable. The orc warrior closely misses you.
The hornet zombie barely misses you. The gnoll completely misses you.
The adder closely misses you. The gnoll misses you.
Unknown command.
As you read the scroll of identify, it crumbles to dust.
m - a potion of brilliance The hornet zombie hits you.
* * * LOW HITPOINT WARNING * * *
The adder bites you but does no damage.
The orc warrior hits you but does no damage.
The gnoll hits you from afar with a +2 halberd!
You die...

....###.###
...............#..###
.#..........
.........>.#.....#
###.........
.........###..###
............ .......##
####
###..................##
.###......# #.........#
.# ##.......## .#
...Z......# ..
(.(o@....## .
(.gS)....# . (.g.....##
. ..###...# . .. #####
.


You could see an orc warrior, 2 gnolls, an adder and a hornet zombie.

Vanquished Creatures
  Grinder (D:5)
  A necrophage (D:6)
  An ogre (D:6)
  2 scorpions
  A centaur zombie (D:5)
  4 hounds
  An orc priest (D:6)
  A jelly (D:4)
  A gnoll shaman (D:6)
  4 iguanas
  9 gnolls
  8 adders
  A worm (D:3)
  4 dart slugs
  13 orcs
  7 ball pythons
  5 endoplasms
  4 giant cockroaches
  7 goblins
  9 hobgoblins
  5 jackals
  3 quokkas
  4 bats
  2 frilled lizards
  7 kobolds
  7 rats
112 creatures vanquished.

Notes
Turn   | Place    | Note
-------+----------+-------------------------------------------
     0 | D:1      | HendSelp the Kobold Hunter began the quest for the Orb.
     0 | D:1      | Reached XP level 1. HP: 12/12 MP: 1/1
    93 | D:1      | Reached skill level 5 in Crossbows
   179 | D:1      | Reached XP level 2. HP: 17/17 MP: 2/2
   484 | D:1      | Reached XP level 3. HP: 21/21 MP: 3/3
   725 | D:1      | Reached skill level 6 in Crossbows
   977 | D:1      | Identified 2 scrolls of acquirement
   977 | D:1      | Acquired a +1 arbalest of flaming
   979 | D:1      | Acquired a +1 triple crossbow of freezing
  1189 | D:2      | Found a glowing golden altar of the Shining One.
  1189 | D:2      | Found a white marble altar of Elyvilon.
  1190 | D:2      | Found a glowing silver altar of Zin.
  1272 | D:2      | Reached XP level 4. HP: 20/26 MP: 4/4
  2158 | D:3      | Reached skill level 7 in Crossbows
  2159 | D:3      | Reached XP level 5. HP: 30/30 MP: 5/5
  2801 | D:3      | Reached skill level 8 in Crossbows
  2859 | D:3      | Reached XP level 6. HP: 35/35 MP: 6/6
  3719 | D:4      | Identified the +4 ring mail of Midsummer {rPois}
  3749 | D:5      | Entered Level 5 of the Dungeon
  3754 | D:5      | Reached skill level 1 in Armour
  3768 | D:5      | Noticed Grinder
  3770 | D:5      | Killed Grinder
  3771 | D:5      | Reached XP level 7. HP: 33/40 MP: 7/7
  4193 | D:5      | Found a broken altar of Ashenzari.
  4193 | D:5      | Found a hide-covered altar of Uskayaw.
  4438 | D:6      | Reached XP level 8. HP: 31/44 MP: 8/8
  4465 | D:6      | Reached skill level 5 in Armour
  4796 | D:6      | Slain by a gnoll

Illustrated notes

Levels and vault maps discovered:
D:1:      minmay_arrival_arboretum_small, layout_basic
D:2:      layout_basic, good_gods_mini_temple, patterned_corridor
D:3:      layout_basic
D:4:      layout_rooms, hangedman_decor_points, chequers_serial_rivers_large_a,
          nrook_uturn
D:5:      layout_rooms, gammafunk_temple_overflow_statue, uniq_grinder
D:6:      layout_cave_pools

Skill      XL: |  1  2  3  4  5  6  7  8 |
---------------+-------------------------+-----
Crossbows      | 5 6 7 8 |  8.9
Armour         | 3 4 5 |  5.9
Fighting       | |  2.1
Dodging        | |  2.4
Stealth        | |  1.3

Action                   |  1- 3 |  4- 6 |  7- 9 || total
-------------------------+-------+-------+-------++-------
Melee: Dagger            |       |       |    10 ||    10
 Fire: Hand crossbow     |    45 |       |       ||    45
       Triple crossbow   |    11 |       |       ||    11
       Arbalest          |     8 |    88 |    51 ||   147
  Use: Scroll            |     2 |    12 |     4 ||    18
Armor: Leather armour    |    12 |     7 |       ||    19
       Ring mail         |       |     2 |    19 ||    21
Dodge: Dodged            |    26 |    17 |    41 ||    84

Table legend: (Time is in decaauts)
 A = Elapsed time spent in this place.
 B = Non-inter-level travel time spent in this place.
 C = Inter-level travel time spent in this place.
 D = Time resting spent in this place.
 E = Time spent auto-exploring this place.
 F = Levels seen in this place.
 G = Mean time per level.
                   A        B        C        D        E       F      G
               +--------+--------+--------+--------+--------+-----+--------+
         Total |   4901 |   4638 |    263 |    130 |   3936 |   6 |  816.8 |
       Dungeon |   4901 |   4638 |    263 |    130 |   3936 |   6 |  816.8 |
               +--------+--------+--------+--------+--------+-----+--------+

Top non-repeatable levels by time:
     D:2: 1167 daAuts
     D:3: 1002 daAuts
     D:1: 1000 daAuts
     D:4: 659 daAuts
     D:5: 629 daAuts
     D:6: 442 daAuts
